 Dungeon Crawl Stone Soup version 0.17-a0-1882-g750edc8 (webtiles) character file.

2093 Banto the Basher (level 9, -3/88 HPs)
             Began as an Ogre Hunter on Sept 23, 2015.
             Slain by a sky beast (5 damage)
             ... on level 7 of the Dungeon.
             The game lasted 00:14:03 (9064 turns).

Banto the Basher (Ogre Hunter)                      Turns: 9064, Time: 00:14:03

Health: -3/88      AC:  4    Str: 19    XL:     9   Next: 27%
Magic:  9/9        EV: 10    Int: 13    God:
Gold:   323        SH:  0    Dex: 13    Spells: 0 memorised, 8 levels left

rFire  . . .     SeeInvis .     E - +0 giant club
rCold  + . .     Clarity  .     d - +1 robe
rNeg   . . .     SustAt   .     (no shield)
rPois  .         Gourm    .     (helmet restricted)
rElec  .         Spirit   .     (no cloak)
rCorr  .         Warding  .     (gloves unavailable)
rMut   +         Stasis   .     (boots unavailable)
MR     .....                    w - amulet of resist mutation
Stlth  +.........               v - ring of protection from cold
                                A - +3 ring of intelligence

@: not resistant to hostile enchantments, very unstealthy
A: unfitting armour, tough skin 1
a: no special abilities


You were on level 7 of the Dungeon.
You were not hungry.

You visited 2 branches of the dungeon, and saw 8 of its levels.
You also visited: Sewer.

You collected 323 gold pieces.

Inventory:

Hand weapons
 r - a +2 mace of protection
 x - a +0 giant spiked club
 E - a +0 giant club (weapon)
Missiles
 a - 7 large rocks
 b - 2 throwing nets
 m - 259 stones (quivered)
 o - 6 curare-tipped needles
Armour
 d - a +1 robe (worn)
Jewellery
 v - a ring of protection from cold (right hand)
 w - an amulet of resist mutation (around neck)
 A - a +3 ring of intelligence (left hand)
Magical devices
 B - a wand of frost (48)
Scrolls
 h - 4 scrolls of enchant armour
 k - a scroll of recharging
 l - a scroll of remove curse
 n - 5 scrolls of teleportation
 y - 4 scrolls of identify
Potions
 i - a potion of ambrosia {unknown}
 j - 6 potions of flight
 p - a potion of cure mutation
 q - 4 potions of brilliance
 s - 4 potions of curing
 u - 3 potions of poison {unknown}
 z - a potion of might {unknown}
 C - a potion of cancellation {unknown}
 D - a potion of mutation {unknown}
Comestibles
 c - 2 fruits
 e - 2 bread rations
 f - 2 meat rations
 g - 2 royal jellies
 t - a slice of pizza
 F - 6 chunks of flesh


   Skills:
 - Level 5.0 Fighting
 + Level 13.4 Maces & Flails
 - Level 6.0 Throwing
 - Level 1.7 Dodging
 - Level 0.7 Stealth


You had 8 spell levels left.
You didn't know any spells.

Dungeon Overview and Level Annotations

Branches:
Dungeon (7/15)             Temple (1/1) D:5

Altars:
Cheibriados
Elyvilon
Fedhas
Gozag
Kikubaaqudgha
Makhleb
Nemelex Xobeh
Okawaru
Trog
Vehumet
Xom
Yredelemnul
Zin
The Shining One


Innate Abilities, Weirdness & Mutations

You are too large for most types of armour.
You have tough skin (AC +1).


Message History

The giant gecko closely misses you. The sky beast hits you.
* * * LOW HITPOINT WARNING * * *
The sky beast shocks you.
* * * LOW HITPOINT WARNING * * *
You barely miss the sky beast.
The sky beast is almost dead.
The giant gecko barely misses you.
The sky beast flickers out of sight!
Deactivating autopickup; reactivate with Ctrl-A.
Something hits you.
* * * LOW HITPOINT WARNING * * *
Something shocks you.
* * * LOW HITPOINT WARNING * * *
Unknown command.
You miss something. The giant gecko closely misses you.
The giant gecko bites you.
* * * LOW HITPOINT WARNING * * *
Something hits you.
* * * LOW HITPOINT WARNING * * *
Something shocks you.
You die...

.......... ....
#.)......###...#...#
#>.................#
#..................# ###
.#..................##...
....................#....
#.......................
#.....<.....{..........#
.............l@(......#
##........######.)....#
#.#####..# ##...$## #.
#..# #...## . #..# #...#
..#####[.#######(..#
#.............##...#
#######............#+##
...........#.......#


You could see a giant gecko.

Vanquished Creatures
  Sigmund (D:6)
  Eustachio (D:6)
  A water moccasin (D:6)
  Purgy (D:3)
  A phantom (D:5)
  2 ice beasts (D:7)
  3 ogres
  A centaur (D:7)
  A giant frog (D:6)
  2 scorpions (D:6)
  A wyvern zombie (D:7)
  A crimson imp (D:5)
  2 orc priests
  2 orc wizards (D:6)
  A giant frog zombie (D:5)
  4 hounds
  4 iguanas
  Natasha (thrice) (D:2)
  2 worker ants (D:4)
  A hound skeleton (D:4)
  A worker ant zombie (D:5)
  8 adders
  2 shadow imps
  8 oozes
  6 worms
  7 giant geckos
  12 orcs
  5 ball pythons
  10 giant cockroaches
  6 goblins
  8 hobgoblins
  5 jackals
  12 kobolds
  2 quokkas
  14 bats
  A giant gecko zombie (D:6)
  8 giant newts
  A quokka zombie (D:5)
  8 rats
159 creatures vanquished.

Vanquished Creatures (others)
  A wizard (D:5)
1 creature vanquished.

Grand Total: 160 creatures vanquished

Notes
Turn   | Place    | Note
--------------------------------------------------------------
     0 | D:1      | Banto the Ogre Hunter began the quest for the Orb.
     0 | D:1      | Reached XP level 1. HP: 22/22 MP: 1/1
   188 | D:1      | Reached XP level 2. HP: 31/31 MP: 2/2
   705 | D:1      | Reached skill level 5 in Throwing
   720 | D:1      | Reached XP level 3. HP: 8/37 MP: 3/3
  1260 | D:2      | Noticed Natasha
  1279 | D:2      | Killed Natasha
  1282 | D:2      | HP: 1/39 [giant cockroach (1)]
  1430 | D:2      | Noticed Natasha
  1432 | D:2      | Killed Natasha
  1432 | D:2      | Reached XP level 4. HP: 25/48 MP: 4/4
  1539 | D:2      | Noticed Natasha
  1544 | D:2      | Killed Natasha
  2143 | D:2      | Found a sparkling altar of Nemelex Xobeh.
  2410 | D:3      | Reached XP level 5. HP: 38/55 MP: 5/5
  2596 | D:3      | Found a glowing drain.
  2696 | Sewer    | Entered a sewer
  2740 | Sewer    | Reached skill level 5 in Fighting
  3071 | Sewer    | Reached skill level 6 in Throwing
  3222 | Sewer    | Reached skill level 1 in Maces & Flails
  4085 | D:3      | Noticed Purgy
  4093 | D:3      | Killed Purgy
  4093 | D:3      | Reached XP level 6. HP: 47/66 MP: 6/6
  4109 | D:3      | Found a radiant altar of Vehumet.
  4328 | D:3      | Found an opulent altar of Gozag.
  4333 | D:3      | Found an iron altar of Okawaru.
  4347 | D:3      | Found a glowing silver altar of Zin.
  4354 | D:3      | Found a shimmering altar of Xom.
  4359 | D:3      | Found a snail-covered altar of Cheibriados.
  4366 | D:3      | Found a sparkling altar of Nemelex Xobeh.
  4921 | D:3      | Reached skill level 5 in Maces & Flails
  5506 | D:4      | Found a blossoming altar of Fedhas.
  5551 | D:4      | Reached XP level 7. HP: 46/72 MP: 7/7
  5731 | D:4      | Reached skill level 7 in Maces & Flails
  6248 | D:5      | Entered Level 5 of the Dungeon
  6248 | D:5      | Noticed a hill giant
  6401 | D:5      | Found a shimmering altar of Xom.
  6436 | D:5      | Reached skill level 8 in Maces & Flails
  6617 | D:5      | Found a staircase to the Ecumenical Temple.
  6627 | Temple   | Entered the Ecumenical Temple
  6692 | D:5      | Found a bloodstained altar of Trog.
  6705 | D:5      | Noticed a wizard
  6711 | D:5      | Killed a wizard
  6983 | D:5      | Reached skill level 9 in Maces & Flails
  7253 | D:5      | Reached XP level 8. HP: 80/80 MP: 8/8
  7619 | D:6      | Noticed Sigmund
  7892 | D:6      | Killed Sigmund
  7892 | D:6      | Reached skill level 10 in Maces & Flails
  7991 | D:6      | Reached skill level 11 in Maces & Flails
  8273 | D:6      | Found a burning altar of Makhleb.
  8333 | D:6      | Noticed Eustachio
  8384 | D:6      | Killed Eustachio
  8553 | D:6      | Found an iron altar of Okawaru.
  8599 | D:6      | Reached skill level 12 in Maces & Flails
  8681 | D:6      | Reached XP level 9. HP: 75/88 MP: 9/9
  8914 | D:7      | Reached skill level 13 in Maces & Flails
  9064 | D:7      | HP: 2/88 [something (3)]
  9064 | D:7      | Slain by a sky beast

Vault maps used:
D:1:      arrival_zaba_pyramid, hangedman_decor_riveting, bh_walls_and_bars
D:2:      nemelex_dance_club_becter, uniq_natasha
D:3:      grunt_temple_overflow_octagram, gup_sewer_entry_pipe, uniq_purgy
D:4:      fedhas_altar_1
D:5:      minmay_temple_entry_statues_pillars, first_bread, basic_altar,
          trog_wizard
D:6:      basic_altar, okawaru_metal_pillars_1_2, uniq_sigmund, uniq_eustachio
D:7:      gup_ossuary_entry_pyramid, wad_floor_pattern_1, the_bakery
Temple:   nicolae_temple_no_exploring_needed
Sewer:    sewer_fruit_machine

Action                   |  1- 3 |  4- 6 |  7- 9 || total
-------------------------+-------+-------+-------++-------
Melee: Short sword       |    96 |   227 |       ||   323
       Mace              |       |   150 |   219 ||   369
       Giant club        |       |       |    52 ||    52
Throw: Stone             |    14 |    54 |    79 ||   147
       Large rock        |     4 |     3 |       ||     7
  Use: Scroll            |       |    11 |     4 ||    15
       Potion            |       |     2 |       ||     2
 Stab: Sleeping          |     1 |     2 |       ||     3
       Distracted        |       |     1 |       ||     1
  Eat: Chunk             |     1 |    14 |    11 ||    26
       Beef jerky        |       |       |     1 ||     1
